 Dungeon Crawl Stone Soup version 0.29.0-7-g18a832c13a (webtiles) character file.

Game seed: 11760263026166098388

829 mtoz the Trooper (level 7, -6/96 HPs)
             Began as a Minotaur Berserker on Sept 1, 2022.
             Was a Believer of Trog.
             Killed from afar by Dowan (11 damage)
             ... with a shard of ice
             ... on level 5 of the Dungeon.
             The game lasted 00:09:34 (4116 turns).

mtoz the Trooper (Minotaur Berserker)               Turns: 4116, Time: 00:09:34

Health: -6/96      AC: 11    Str: 24    XL:     7   Next: 65%
Magic:  6/6        EV:  9    Int:  4    God:    Trog [**....]
Gold:   116        SH:  0    Dex:  9    Spells: 6/6 levels left

rFire   + . .      SeeInvis .   d - +0 war axe
rCold   + + .      Faith    .   (no shield)
rNeg    . . .      Spirit   .   t - +0 chain mail
rPois   .          Reflect  .   (helmet restricted)
rElec   .          Harm     .   n - scarf {rC+ rF+}
rCorr   .          Rampage  .   b - +0 pair of gloves
Will    ++...                   (no boots)
Stlth   ..........              (no amulet)
HPRegen 1.26/turn               k - ring of protection from cold
MPRegen 0.10/turn               (no ring)

@: berserking (expiring), lethally poisoned (-6 -> -6), strong-willed,
regenerating, studying Ranged Weapons, very quick
A: horns 2, retaliatory headbutt
a: Renounce Religion, Berserk, Trog's Hand


You were on level 5 of the Dungeon.
You worshipped Trog.
Trog was pleased with you.
You visited 1 branch of the dungeon, and saw 5 of its levels.

You collected 116 gold pieces.

Inventory:

Hand Weapons
 d - a +0 war axe (weapon)
Armour
 b - a +0 pair of gloves (worn)
 n - a scarf of resistance (worn)
 t - a +0 chain mail (worn)
Jewellery
 k - a ring of protection from cold (left hand)
Scrolls
 a - a scroll of noise {unknown}
 e - a scroll of magic mapping {unknown}
 f - 2 scrolls of fear {unknown}
 g - 2 scrolls of poison {unknown}
 j - 2 scrolls of teleportation {unknown}
 l - 2 scrolls of immolation {unknown}
 q - a scroll of fog {unknown}
 r - a scroll of blinking {unknown}
Potions
 c - 2 potions of berserk rage
 i - 3 potions of attraction
 m - a potion of heal wounds
 o - a potion of might
 p - 2 potions of brilliance {unknown}
 s - a potion of degeneration {unknown}


   Skills:
 + Level 6.3 Fighting
 + Level 6.3 Axes
 + Level 5.6 Armour
 + Level 5.1 Dodging


You had 6 spell levels left.
You didn't know any spells.
Your spell library was empty.

Dungeon Overview and Level Annotations

Branches:
Dungeon (5/15)
 Temple: D:4-7

Altars:
Ru
Uskayaw
Vehumet
The Shining One

Shops:
D:1 [   D:3 =   D:5 :[

Annotations:
D:5 Dowan, Grinder


Innate Abilities, Weirdness & Mutations

You have a pair of horns on your head.
You reflexively headbutt those who attack you in melee.


Message History

You resist with almost no effort.
You slash Duvessa! You headbutt Duvessa.
Duvessa is severely wounded.
You closely miss the gnoll.
Dowan smirks and points a slender finger.
The gnoll hits you from afar with a +0 halberd.
The gnoll barely misses you.
Duvessa hits you with a +0 short sword of venom!
You are poisoned.
You slice Duvessa!!
You kill Duvessa!
Trog accepts your kill.
Dowan screams, "No!
Oh no!"
Dowan seems to find hidden reserves of power!
You slash the gnoll!
You kill the gnoll!
Trog accepts your kill.
You slash Dowan!
You feel sick. Dowan hits you but does no damage.
The gnoll hits you but does no damage. Grinder gestures at you.
You resist with almost no effort.
Your Dodging skill increases to level 5!
Found a stone staircase leading down.
You feel sick. Dowan misses you. You furiously retaliate!
You headbutt Dowan!
Items here: ! )) [ ††.
You closely miss Grinder. Your headbutt misses Grinder. You barely miss Dowan.
You feel sick. Dowan gestures at you while chanting. The shard of ice hits you!
You partially resist.
* * * LOW HITPOINT WARNING * * *
The gnoll hits you from afar with a +0 halberd!
* * * LOW HITPOINT WARNING * * *
Grinder hits you.
* * * LOW HITPOINT WARNING * * *
You writhe in agony.
* * * LOW HITPOINT WARNING * * *
You barely miss Grinder. You barely miss Dowan.
You feel sick. Dowan gestures at you while chanting. The shard of ice hits you!
You partially resist.
You die...

##...##[....###..##
...#.#.......##.##
.###..(......##.#
.#####.##.......#
...##.<.........##
.#.##.........#..#####
...##.........##.....#..
........................
...#...........e@)g.....
................5...∩...
..###.. ....####....$...
...# # .. #>....... ...#
. .....^... ...=.
......... .....
......... .....
.....#..>. .....


You could see Grinder, Dowan (fast) and a gnoll.

Vanquished Creatures
  Eustachio (D:5)
  Duvessa (D:5)
  A centaur (D:5)
  4 scorpions
  A jelly (D:4)
  Jessica (D:3)
  3 iguanas (D:5)
  An orc wizard (D:4)
  2 gnolls (D:5)
  2 adders
  An ufetubus (D:5)
  A dart slug (D:1)
  6 orcs
  6 bats
  7 endoplasms
  A giant cockroach (D:1)
  6 hobgoblins
  6 jackals (D:2)
  3 quokkas
  10 ball pythons
  4 frilled lizards
  7 goblins
  6 kobolds
  6 rats
87 creatures vanquished.

Notes
Turn   | Place    | Note
-------+----------+-------------------------------------------
     0 | D:1      | mtoz the Minotaur Berserker began the quest for the Orb.
     0 | D:1      | Reached XP level 1. HP: 19/19 MP: 0/0
   304 | D:1      | Reached XP level 2. HP: 17/27 MP: 1/1
   545 | D:1      | Found Xycvyo's Antique Armour Shop.
  1102 | D:2      | Reached XP level 3. HP: 33/33 MP: 2/2
  1673 | D:3      | Found a hide-covered altar of Uskayaw.
  1890 | D:3      | Noticed Jessica
  1895 | D:3      | Killed Jessica
  1895 | D:3      | Reached ** piety under Trog
  1896 | D:3      | Reached XP level 4. HP: 38/41 MP: 3/3
  2073 | D:3      | Found Dahe's Jewellery Shop.
  2314 | D:4      | Found a radiant altar of Vehumet.
  2367 | D:4      | Found a sacrificial altar of Ru.
  2370 | D:4      | Noticed a scorpion
  2379 | D:4      | Killed a scorpion
  2380 | D:4      | Reached XP level 5. HP: 40/47 MP: 4/4
  3219 | D:4      | Found a glowing golden altar of the Shining One.
  3233 | D:4      | Reached skill level 5 in Fighting
  3233 | D:4      | Reached skill level 5 in Axes
  3253 | D:4      | Reached XP level 6. HP: 56/56 MP: 5/5
  3705 | D:5      | Entered Level 5 of the Dungeon
  3852 | D:5      | Found Refrerid's Book Shoppe.
  3856 | D:5      | Noticed Eustachio
  3868 | D:5      | Killed Eustachio
  3869 | D:5      | Reached skill level 5 in Armour
  3869 | D:5      | Reached XP level 7. HP: 54/62 MP: 6/6
  4101 | D:5      | Found Jalapt's Antique Armour Shoppe.
  4104 | D:5      | Noticed Dowan
  4104 | D:5      | Noticed Grinder
  4105 | D:5      | Noticed Duvessa
  4113 | D:5      | Killed Duvessa
  4114 | D:5      | Reached skill level 5 in Dodging
  4116 | D:5      | Killed from afar by Dowan

Illustrated notes

Levels and vault maps discovered:
D:1:      minmay_arrival_shattered_statue, layout_basic, serial_shops,
          nicolae_shop_stone, st_stairs_14
D:2:      layout_loops_ring, serial_park_tiny_1
D:3:      layout_loops_corners, lemuel_tele_altar, serial_shops,
          nicolae_shop_waterfront, uniq_jessica
D:4:      layout_layer_cave, mainiacjoe_overflow_brackets,
          mainiacjoe_overflow_large_starburst, minmay_misc_feat_tower
D:5:      layout_rooms, minmay_temple_entry_wispy, serial_shops, shop, shop,
          shop, nicolae_shop_overgrown_old_shop, uniq_grinder, uniq_duvessa,
          uniq_eustachio

Skill      XL: |  1  2  3  4  5  6  7 |
---------------+----------------------+-----
Axes           | 4 5 6 |  6.3
Fighting       | 4 5 6 |  6.3
Armour         | 3 4 5 |  5.6
Dodging        | 3 4 5 |  5.1

Action                   |  1- 3 |  4- 6 |  7- 9 || total
-------------------------+-------+-------+-------++-------
Melee: Hand axe          |    21 |       |       ||    21
       Headbutt          |     8 |    13 |     7 ||    28
       War axe           |    60 |   101 |    15 ||   176
       Punch             |     1 |       |       ||     1
Invok: Trog's Hand       |       |     2 |     1 ||     3
       Berserk           |       |       |     1 ||     1
  Use: Scroll            |       |     4 |       ||     4
Armor: Animal skin       |    12 |       |       ||    12
       Ring mail         |    22 |    16 |       ||    38
       Chain mail        |       |    53 |    13 ||    66
Dodge: Dodged            |    50 |    74 |    12 ||   136
